 Dungeon Crawl Stone Soup version 0.25.1-2-g60ff931df9 (webtiles) character file.

Game seed: 3374369706970551587

1036 hawla the Charlatan (level 8, -7/55 HPs)
             Began as a Red Draconian Artificer on Oct 15, 2020.
             Was an Initiate of Gozag.
             Killed by divine providence
             ... invoked by an orc priest
              (16 damage)
             ... on level 5 of the Dungeon.
             The game lasted 00:17:06 (6916 turns).

hawla the Charlatan (Red Draconian Artificer)       Turns: 6916, Time: 00:17:07

Health: -7/55      AC:  8    Str: 14    XL:     8   Next: 3%
Magic:  12/12      EV: 14    Int: 14    God:    Gozag
Gold:   221        SH:  0    Dex: 12    Spells: 7/7 levels left

rFire    + . .     SeeInvis .   d - +2 dagger (flame)
rCold    . . .     Gourm    .   (no shield)
rNeg     . . .     Faith    .   (armour unavailable)
rPois    .         Spirit   .   (helmet restricted)
rElec    .         Reflect  .   (no cloak)
rCorr    .         Harm     .   p - +1 pair of gloves
MR       .....                  (no boots)
Stlth    ++........             (no amulet)
HPRegen  0.18/turn              k - ring of flight
MPRegen  0.13/turn              (no ring)

@: stab
A: breathe fire, unfitting armour, horns 1, talons 1, fire resistance 1, frail
1, cold-blooded, subdued magic 1, AC +6
a: Breathe Fire, Potion Petition, Call Merchant, Bribe Branch, Renounce
Religion, Evoke Flight


You were on level 5 of the Dungeon.
You worshipped Gozag.
Gozag was aware of your devotion.
You were not hungry.

You visited 2 branches of the dungeon, and saw 6 of its levels.

You collected 275 gold pieces.
You paid 54 gold pieces to Gozag.

Inventory:

Hand Weapons
 a - a +0 falchion
 d - a +2 dagger of flaming (weapon)
Missiles
 h - 16 boomerangs (quivered)
 i - 29 poisoned darts
 o - 3 javelins
Armour
 p - a +1 pair of gloves (worn)
Jewellery
 k - a ring of flight (left hand)
 l - a cursed ring of attention {unknown}
 n - an uncursed ring of protection from cold {unknown}
Wands
 b - a wand of polymorph (9)
 c - a wand of enslavement (6)
Scrolls
 e - 2 scrolls of identify
 g - a scroll of remove curse
Comestibles
 f - 7 rations


   Skills:
 + Level 2.9 Fighting
 + Level 4.1(4.2) Short Blades
 + Level 1.3(3.0) Long Blades
 + Level 0.8 Throwing
 * Level 5.0 Dodging
 + Level 3.0 Stealth
 * Level 5.5 Evocations


You had 7 spell levels left.
You didn't know any spells.
Your spell library contained the following spells:

 Spells                   Type           Power        Failure   Level  Hunger
 Corona                   Hex            #......      24%         1    ##.....


Dungeon Overview and Level Annotations

Branches:
Dungeon (5/15)             Temple (1/1) D:5

Altars:
Ashenzari
Cheibriados
Dithmenos
Elyvilon
Fedhas
Gozag
Hepliaklqana
Kikubaaqudgha
Makhleb
Nemelex Xobeh
Okawaru
Ru
Sif Muna
Uskayaw
Vehumet
Wu Jian
Xom
Yredelemnul
The Shining One

Shops:
D:4 %%[


Innate Abilities, Weirdness & Mutations

You can breathe blasts of fire.
Your fiery red scales are hard. (AC +6)
You cannot fit into any form of body armour.
Your flesh is heat resistant. (rF+)
You are cold-blooded and may be slowed by cold attacks.
You have a pair of small horns on your head.
You have sharp toenails.
You are frail. (-10% HP)
Your spells are a little easier to cast, but a little less powerful.


Message History

* * * LOW HITPOINT WARNING * * *
Evoke which item? (* to show all) (? for menu, Esc to quit)
Aiming: Enslavement
Press: ? - help, Shift-Dir - straight line, f - orc priest, p - orc
Aim: an orc priest, wielding a +0 dagger and wearing a +0 leather armour (lightly wounded, chance to defeat MR: 62%)
The orc priest is charmed.
Your orc closely misses the orc priest.
The orc priest closely misses you.
Your orc hits the orc priest with a +0 club.
The orc priest miscasts a cantrip.
Found 17 stones.
Your orc barely misses the orc priest.
The orc priest closely misses your orc priest.
Your orc barely misses the orc priest.
The orc priest misses your orc priest.
Your orc closely misses the orc priest.
Your orc hits the orc priest but does no damage.
The orc priest calls down the wrath of Beogh upon you.
Beogh smites you!
You die...
Your body crumbles into a pile of gold.

####
#...#################
......[$.............#
#...#..o............#.
#### #
#.o.##...######..#
...#
#..###............
##.## ####.o#
##.....###..# .)..##
#...@.# #.###.# #..#
##...# #.##.## #.# #.#
#..# #...#.## # # #.#
#.###.###..#
.#..##.##.# #.#
#.....<....#
.#........# #(#
#####.###...
.#.###.##.###.##.# #.#
#..#
#..##.###.##...#.# #.#
#..# ##...##
#.##...#.# #.# #..#
#.#.####........# #.#
#..#


You could see an orc priest, a friendly orc priest (charmed) and a friendly orc
(charmed).

Vanquished Creatures
  Sigmund (D:5)
  Duvessa (D:5)
  2 phantoms (D:5)
  A bullfrog (D:5)
  A water moccasin zombie (D:5)
  Dowan (D:5)
  A hound (D:5)
  2 orc priests
  A bullfrog skeleton (D:5)
  A centaur skeleton (D:4)
  Jessica (D:3)
  Ijyb (D:4)
  An iguana (D:4)
  3 worker ants
  3 adders
  A shadow imp (D:5)
  An ooze (D:3)
  3 worms
  4 dart slugs
  3 leopard geckos
  12 orcs
  6 giant cockroaches
  7 goblins
  7 hobgoblins
  A jackal (D:5)
  5 kobolds
  7 quokkas
  2 ball pythons
  8 bats
  5 frilled lizards
  7 rats
100 creatures vanquished.

Vanquished Creatures (collateral kills)
  An orc (D:5)
  A rat (D:2)
2 creatures vanquished.

Vanquished Creatures (others)
  A jackal (D:5)
  A kobold (D:2)
2 creatures vanquished.

Grand Total: 104 creatures vanquished

Notes
Turn   | Place    | Note
-------+----------+-------------------------------------------
     0 | D:1      | hawla the Draconian Artificer began the quest for the Orb.
     0 | D:1      | Reached XP level 1. HP: 16/16 MP: 3/3
   285 | D:1      | Reached XP level 2. HP: 11/23 MP: 4/4
   561 | D:1      | Reached skill level 1 in Stealth
  1251 | D:2      | Found a white marble altar of Elyvilon.
  1251 | D:2      | Found a shadowy altar of Dithmenos.
  1423 | D:2      | Reached XP level 3. HP: 26/28 MP: 5/5
  2186 | D:3      | Reached XP level 4. HP: 24/35 MP: 7/7
  2826 | D:3      | Noticed Ijyb
  2846 | D:3      | Gained mutation: You have sharp toenails. [potion of
                  | mutation]
  2846 | D:3      | Gained mutation: You are frail. (-10% HP) [potion of
                  | mutation]
  2846 | D:3      | Gained mutation: Your spells are a little easier to cast,
                  | but a little less powerful. [potion of mutation]
  2846 | D:3      | Gained mutation: You have a pair of small horns on your
                  | head. [potion of mutation]
  2928 | D:4      | Killed Ijyb
  3215 | D:3      | Noticed Jessica
  3222 | D:3      | Killed Jessica
  3536 | D:3      | Reached XP level 5. HP: 36/36 MP: 8/8
  3858 | D:4      | Found a glowing golden altar of the Shining One.
  4767 | D:4      | Found Zyummog's Food Shop.
  4769 | D:4      | Found Tieqoit's Food Shop.
  4841 | D:4      | Found Bealud's Armour Shop.
  4996 | D:4      | Reached XP level 6. HP: 15/42 MP: 9/9
  5293 | D:5      | Entered Level 5 of the Dungeon
  5435 | D:5      | Found a shattered altar of Ashenzari.
  5458 | D:5      | Reached skill level 1 in Long Blades
  5502 | D:5      | Noticed Sigmund
  5865 | D:5      | Killed Sigmund
  5865 | D:5      | Reached skill level 5 in Evocations
  5865 | D:5      | Your scales start taking on a fiery red colour.
  5865 | D:5      | Reached XP level 7. HP: 41/49 MP: 10/10
  5865 | D:5      | Gained mutation: Your flesh is heat resistant. (rF+) [Red
                  | Draconian growth]
  5930 | D:5      | Found a staircase to the Ecumenical Temple.
  5964 | Temple   | Entered the Ecumenical Temple
  5994 | Temple   | Became a worshipper of Gozag Ym Sagoz the Greedy
  6188 | D:5      | Noticed Dowan
  6190 | D:5      | Noticed Duvessa
  6222 | D:5      | Killed Dowan
  6230 | D:5      | Killed Duvessa
  6669 | D:5      | Found an ancient bone altar of Kikubaaqudgha.
  6677 | D:5      | Found a shimmering blue altar of Sif Muna.
  6679 | D:5      | Found a radiant altar of Vehumet.
  6683 | D:5      | Identified Sif Muna's Grimoire of Causality
  6729 | D:5      | Found a shimmering altar of Xom.
  6897 | D:5      | Reached skill level 5 in Dodging
  6897 | D:5      | Reached XP level 8. HP: 47/55 MP: 12/12
  6916 | D:5      | Killed from afar by an orc priest

Illustrated notes

Levels and vault maps discovered:
D:1:      giann_bridges, layout_basic, chequers_jeans, roderic_serpentine_path
D:2:      layout_loops_ring, chequers_temple_overflow_statue_of_worship
D:3:      layout_basic, uniq_ijyb, uniq_jessica
D:4:      layout_basic, lemuel_crystal_altar, serial_shops,
          nicolae_shop_window_shopping, shop_statue, kennysheep_little_box,
          first_ration
D:5:      layout_loops_ring, grunt_temple_overflow_magic_moments,
          overflow_temple_1_default, minmay_temple_entry_statues_fountains,
          basic_altar, uniq_duvessa, uniq_sigmund
Temple:   minmay_temple_bridge_abc

Skill      XL: |  1  2  3  4  5  6  7 |
---------------+----------------------+-----
Stealth        | 1 2 3 |  3.0
Dodging        | 2 3 5 |  5.0
Evocations     | 4 5 |  5.5
Short Blades   | 2 3 4 |  4.1
Long Blades    | 1 |  1.3
Fighting       | 2 |  2.9
Throwing       | |  0.8

Action                   |  1- 3 |  4- 6 |  7- 9 || total
-------------------------+-------+-------+-------++-------
Melee: Short sword       |   110 |    31 |       ||   141
       Tailslap          |    12 |    20 |     8 ||    40
       Dagger            |       |   114 |    89 ||   203
       Kick              |       |    26 |    24 ||    50
       Headbutt          |       |    21 |    13 ||    34
       Falchion          |       |    17 |       ||    17
       Unarmed           |       |     9 |       ||     9
Throw: Boomerang         |       |     3 |     7 ||    10
Invok: Potion Petition   |       |       |     1 ||     1
 Abil: Breathe Fire      |       |       |     1 ||     1
Evoke: Wand              |    23 |    16 |     4 ||    43
  Use: Scroll            |     5 |     4 |       ||     9
       Potion            |       |     5 |     3 ||     8
 Stab: Paralysed         |     2 |       |       ||     2
       Sleeping          |     3 |     3 |     2 ||     8
       Confused          |     1 |       |       ||     1
       Distracted        |       |       |     1 ||     1
  Eat: Chunk             |     4 |     6 |       ||    10
       Ration            |       |     2 |     1 ||     3
Armor: Skin              |    30 |    51 |    22 ||   103
Dodge: Dodged            |    66 |    99 |    49 ||   214
       Rpst.: Falchion   |       |     2 |       ||     2
